 Dungeon Crawl Stone Soup version 0.26-a0-812-g31a745ddcd (webtiles) character file.

Game seed: 4569190191548656221

91728 vurker the Severer (level 15, -27/145 HPs)
             Began as a Palentonga Enchanter on Nov 26, 2020.
             Was a High Priest of Ru.
             Killed from afar by an eleionoma (49 damage)
             ... with a spray of wooden splinters
             ... on level 1 of the Swamp.
             The game lasted 00:40:25 (28866 turns).

vurker the Severer (Palentonga Enchanter)          Turns: 28866, Time: 00:40:25

Health: -27/145    AC: 33    Str: 18    XL:     15   Next: 55%
Magic:  18/18      EV:  0    Int: 19    God:    Ru [*****.]
Gold:   1696       SH: 16    Dex: 10    Spells: 18/18 levels left

rFire    + . .     SeeInvis +   a - +0 broad axe (flame)
rCold    + . .     Faith    .   j - +0 tower shield
rNeg     . . .     Spirit   .   r - +0 crystal plate armour
rPois    +         Reflect  .   i - +1 helmet {Int+3}
rElec    .         Harm     .   s - +2 cloak {rPois}
rCorr    .         Rampage  .   q - +2 pair of gloves
MR       ++...                  (no barding)
Stlth    ..........             J - amulet of Oenomania {rF+ rC+ Regen+}
HPRegen  0.74/turn              w - ring of protection from magic
MPRegen  0.16/turn              t - +4 ring of slaying

@: curled up
A: large, rugged brown scales 3, see invisible, deformed body, inability to use
devices, inability to train dodging, inexperienced 1, roll, armoured tail,
reflexive curl
a: Rolling Charge, Draw Out Power, Power Leap, Apocalypse, Renounce Religion


You were on level 1 of the Swamp.
You worshipped Ru.
Ru was extremely pleased with you.
You visited 5 branches of the dungeon, and saw 25 of its levels.
You also visited: Sewer.

You collected 2652 gold pieces.
You spent 956 gold pieces at shops.

Inventory:

Hand Weapons
 a - a +0 broad axe of flaming (weapon)
   (You bought it in a shop on level 2 of the Orcish Mines)
 p - a +0 flail of draining
   (You took it off a gnoll on level 3 of the Dungeon)
Armour
 i - a +1 helmet of intelligence (worn)
   (You found it on level 7 of the Dungeon)
 j - a +0 tower shield (worn)
   (You found it on level 8 of the Dungeon)
 q - a +2 pair of gloves (worn)
   (You bought it in a shop on level 2 of the Orcish Mines)
 r - a +0 crystal plate armour (worn)
   (You found it on level 14 of the Dungeon)
 s - a +2 cloak of poison resistance (worn)
   (You took it off Crazy Yiuf on level 3 of the Dungeon)
Jewellery
 o - the amulet of Vitality {Regen+ HP+15}
   (You found it on level 11 of the Dungeon)

   [amulet of regeneration]

   It affects your health (+15).
   It increases your rate of regeneration.
 t - a +4 ring of slaying (right hand)
   (You found it on level 2 of the Lair of Beasts)
 w - a ring of protection from magic (left hand)
   (You found it on level 4 of the Dungeon)
 J - the amulet of Oenomania (around neck) {rF+ rC+ Regen+}
   (You found it on level 13 of the Dungeon)

   [amulet of regeneration]

   It protects you from fire.
   It protects you from cold.
   It increases your rate of regeneration.
Scrolls
 c - 2 scrolls of enchant weapon
 e - 13 scrolls of teleportation
 f - 2 scrolls of summoning
 h - 5 scrolls of fear
 k - a scroll of holy word
 m - 10 scrolls of remove curse
 u - a scroll of magic mapping
 x - 3 scrolls of fog
 y - 3 scrolls of enchant armour
 C - a scroll of brand weapon
 I - a scroll of blinking
Potions
 b - 4 potions of attraction
 d - 2 potions of mutation
 g - 7 potions of haste
 l - a potion of magic
 n - a potion of ambrosia
 v - 2 potions of invisibility {unknown}
 z - 4 potions of flight
 A - 9 potions of curing
 B - 6 potions of heal wounds
 E - 2 potions of berserk rage
 F - 6 potions of lignification
 G - 3 potions of cancellation
 H - 4 potions of might


   Skills:
 + Level 13.6 Fighting
   Level 1.0 Short Blades
 * Level 15.4(16.3) Axes
 - Level 9.5(13.5) Maces & Flails
 + Level 11.5 Armour
 - Level 2.0 Stealth
 + Level 9.1 Shields
 - Level 2.0 Spellcasting
   Level 3.0 Hexes


You had 18 spell levels left.
You didn't know any spells.
Your spell library contained the following spells:

 Spells                   Type           Power        Failure   Level
 Corona                   Hex            ##.....      100%        1
 Foxfire                  Conj/Fire      #...         100%        1
 Freeze                   Ice            #...         100%        1
 Magic Dart               Conj           #...         100%        1
 Ensorcelled Hibernation  Hex/Ice        #.....       100%        2
 Poisonous Vapours        Pois/Air       #.....       100%        2
 Searing Ray              Conj           #.....       100%        2
 Confusing Touch          Hex            ##......     100%        3
 Conjure Flame            Conj/Fire      #.......     100%        3
 Dazzling Flash           Conj/Hex       #.....       100%        3
 Frozen Ramparts          Ice            #.....       100%        3
 Inner Flame              Hex/Fire       #.......     100%        3
 Mephitic Cloud           Conj/Pois/Air  #.......     100%        3
 Ozocubu's Armour         Ice            #.......     100%        3
 Portal Projectile        Hex/Tloc       #.....       100%        3
 Tukima's Dance           Hex            ##......     100%        3
 Animate Dead             Necr           #.........   100%        4
 Cause Fear               Hex            ##........   100%        4
 Fulminant Prism          Conj/Hex       #.........   100%        4
 Hailstorm                Conj/Ice       #.......     100%        4
 Iskenderun's Mystic Bla  Conj/Tloc      #.......     100%        4
 Sticky Flame             Conj/Fire      #.......     100%        4
 Summon Ice Beast         Ice/Summ       #.......     100%        4
 Borgnjor's Vile Clutch   Necr/Erth      #.........   100%        5
 Fireball                 Conj/Fire      #.........   100%        5
 Silence                  Hex/Air        #.........   100%        5
 Yara's Violent Unravell  Hex/Tmut       #.........   100%        5
 Death Channel            Necr           #.........   100%        6
 Freezing Cloud           Conj/Ice/Air   #.........   100%        6
 Simulacrum               Ice/Necr       #.........   100%        6
 Malign Gateway           Summ/Tloc      #.........   100%        7
 Discord                  Hex            ##........   100%        8


Dungeon Overview and Level Annotations

Branches:
Dungeon (15/15)            Temple (1/1) D:7            Lair (6/6) D:8
  Swamp (1/4) Lair:4       Spider (0/4) Lair:2        Slime (0/5) Lair:5
    Orc (2/2) D:11            Elf (0/3) Orc:2        Vaults (0/5) D:14
 Depths (0/5) D:15          Sewer (visited)

Altars:
Cheibriados
Dithmenos
Elyvilon
Gozag
Hepliaklqana
Makhleb
Okawaru
Qazlal
Ru
Sif Muna
Trog
Uskayaw
Vehumet
Xom
Yredelemnul
Zin
The Shining One
Beogh

Shops:
D:5 (   D:11 }   D:14 ?   Orc:2 *[=(

Annotations:
D:15 3 runed translucent doors, loralnil's ghost, journeyman GnTm
Lair:6 1 runed translucent door, Blackmass's ghost, journeyman OpAE


Innate Abilities, Weirdness & Mutations

You are completely covered in rugged brown scales. (AC +3, +7% HP)
You have supernaturally acute eyesight. (SInv)
Armour fits poorly on your strangely shaped body.
You cannot study or use magical devices.
You cannot train Dodging skill.
You are somewhat inexperienced. (-2 XL)
You can roll at foes to attack.
You have a long armoured tail.
You curl defensively after being hit.


Message History

The harpoon shot hits you!
* * * LOW HITPOINT WARNING * * *
You are yanked forward by the harpoon shot.
The swamp worm begins to attack, but is stunned by your will!
You block the eleionoma's attack.
The swamp worm fires a harpoon shot at you.
The harpoon shot hits you!
* * * LOW HITPOINT WARNING * * *
You are yanked forward by the harpoon shot.
You redirect the eleionoma's attack!
The eleionoma hits you but does no damage.
You slice the eleionoma!! You burn the eleionoma. You tail-slap the eleionoma!
You miss the swamp worm. You block the swamp worm's attack.
The eleionoma is stunned by your will and fails to attack.
A goliath frog comes into view.
You completely miss the eleionoma. You hit the swamp worm.
You burn the swamp worm.
The swamp worm bites you but does no damage.
The eleionoma hits you but does no damage.
You slash the eleionoma! You burn the eleionoma.
You barely miss the swamp worm. You block the swamp worm's attack.
The eleionoma touches a tree and draws upon its vitality.
The eleionoma is healed.
You slice the swamp worm!! You burn the swamp worm! You hit the eleionoma.
You burn the eleionoma. You block the swamp worm's attack.
The eleionoma hits you!
* * * LOW HITPOINT WARNING * * *
You barely miss the swamp worm. You hit the eleionoma. You burn the eleionoma.
The eleionoma stops glowing.
You block the goliath frog's attack. You block the swamp worm's attack.
The goliath frog hits you from afar.
* * * LOW HITPOINT WARNING * * *
You are splashed with acid!
* * * LOW HITPOINT WARNING * * *
The eleionoma is stunned by your will and fails to attack.
The swamp worm bites you but does no damage.
You hit the swamp worm. You burn the swamp worm.
You kill the swamp worm!
You hit the eleionoma. You burn the eleionoma.
You block the goliath frog's attack.
You redirect the eleionoma's attack!
The eleionoma hurls a spray of NON TARGETED BEAM at NO_TARGET.
The spray of wooden splinters misses the eleionoma.
Your crystal plate armour prevents you from hitting the eleionoma.
You block the goliath frog's attack.
The eleionoma begins to attack, but is stunned by your will!
The goliath frog hits you but does no damage.
You hit the eleionoma but do no damage. You block the goliath frog's attack.
The eleionoma hurls a spray of splinters at you.
The spray of wooden splinters hits you!!!
You die...

♣≈..§.≈≈. ♣♣≈≈≈≈.≈≈≈≈ .
♣...≈≈≈.≈≈≈
≈≈♣♣♣♣.≈.≈≈≈≈..≈≈
.≈.≈.≈.≈.≈...♣≈.≈
.≈≈≈.≈≈≈≈≈.≈..≈.≈ ♣......
≈♣♣§.≈≈≈≈≈.§♣≈?≈≈ .§....
≈≈....F...≈(≈≈.♣≈ ♣♣.≈...
§≈≈≈≈≈≈≈@♣†..^≈..≈♣≈.≈...
♣≈♣≈≈≈≈≈§R≈♣..§ ≈.....≈≈
♣♣≈≈≈§≈..♣ ..≈♣§≈..≈≈≈≈
♣≈≈..≈.♣♣ ♣.♣≈≈.♣♣.≈.†
♣♣.≈.≈≈≈♣♣ ....≈≈♣ ♣..
♣.≈≈.≈≈≈≈♣ ♣≈≈/..♣ ♣♣.
♣.≈♣≈..≈.♣ ♣♣≈♣.≈≈♣ ♣♣<
♣≈≈≈†♣...♣ ♣..≈..≈♣♣♣.≈
♣.≈≈.♣♣..♣♣♣.♣≈≈†≈≈♣≈≈≈


You could see an eleionoma and a goliath frog.

Vanquished Creatures
  A fire giant (D:11)
  An orc warlord (Orc:2)
  A bunyip (Swamp:1)
  An ettin (Orc:1)
  A fire dragon (Lair:6)
  A boulder beetle (Lair:3)
  Josephine (Orc:2)
  A ghost crab (Swamp:1)
  8 hydras
  A death knight (D:15)
  5 centaur warriors
  Erica (D:11)
  4 two-headed ogres
  6 death yaks (Lair:5)
  A tengu warrior (D:15)
  Urug (D:13)
  An orc high priest (Orc:2)
  Nergalle (Orc:2)
  A deep elf knight (D:11)
  6 skeletal warriors
  A glowing orange brain (D:15)
  A lindwurm (shapeshifter) (D:15)
  A wizard (D:11)
  A phantasmal warrior (D:15)
  A bog body (Lair:4)
  A swamp dragon (Lair:6)
  2 unseen horrors
  7 orc knights
  Pikel (D:9)
  17 ugly things
  3 manticores
  6 cyclopes
  An orc sorcerer (Orc:2)
  11 elephants
  Maurice (D:11)
  8 black mambas
  Psyche (D:10)
  3 gargoyles
  Joseph (D:10)
  6 cane toads
  11 centaur skeletons
  A kobold demonologist (D:14)
  4 rime drakes
  3 yaktaurs
  A freezing wraith (D:15)
  10 komodo dragons
  7 trolls
  A tyrant leech (Swamp:1)
  3 hornets
  A polar bear (Lair:4)
  A harpy skeleton (D:11)
  Grinder (D:4)
  15 slime creatures
  15 blink frogs
  9 wraiths
  4 wyverns
  26 yaks
  4 vampire mosquitoes
  2 basilisks
  A steam dragon (D:13)
  6 wargs
  2 acid dragons
  A soldier ant (D:9)
  3 swamp worms (Swamp:1)
  11 water moccasins
  4 swamp drakes
  32 orc warriors
  7 ice beasts
  A hornet zombie (D:9)
  2 black bears
  6 necrophages
  13 ogres
  A phantom (D:11)
  3 sky beasts
  An eye of draining (D:10)
  11 centaurs
  3 wolves (Lair:4)
  5 big kobolds
  22 bullfrogs
  Blork the orc (Orc:2)
  A gnoll sergeant (D:10)
  A water moccasin zombie (D:7)
  A wyvern skeleton (D:11)
  4 scorpions
  A water moccasin skeleton (D:7)
  20 killer bees
  9 wights
  An electric eel (Lair:1)
  9 howler monkeys
  A crimson imp (D:8)
  A quasit (D:9)
  2 bullfrog zombies
  2 centaur zombies
  5 jellies
  34 orc priests
  9 hounds
  Crazy Yiuf (D:3)
  7 bullfrog skeletons
  5 iguanas
  24 orc wizards
  Ijyb (D:5)
  11 worker ants
  2 hound zombies
  2 hound skeletons
  2 worker ant zombies (D:9)
  7 gnolls
  2 river rats (Sewer)
  11 adders
  2 shadow imps
  6 white imps
  An ooze (D:2)
  3 adder skeletons
  4 worms
  5 dart slugs
  9 leopard geckos
  88 orcs
  A ball python (D:3)
  9 bats
  5 giant cockroaches
  6 goblins
  10 hobgoblins
  14 jackals
  3 quokkas
  3 frilled lizards
  25 kobolds
  A leopard gecko skeleton (D:2)
  A quokka skeleton (D:6)
  11 rats
756 creatures vanquished.

Vanquished Creatures (others)
  2 two-headed ogres
  An elephant (Lair:5)
  A cane toad (Lair:1)
  A wolf spider simulacrum (D:14)
  A blink frog (Lair:4)
  A slime creature (D:13)
  A wyvern (Lair:3)
  2 orc warriors (Orc:2)
  2 centaurs
  A killer bee (D:10)
  An iguana (Lair:6)
  An orc wizard (D:6)
  A worker ant (D:14)
  A hound zombie (D:10)
  A white imp (D:7)
  An orc (D:6)
  A quokka (D:15)
  17 fungi
  24 plants
61 creatures vanquished.

Grand Total: 817 creatures vanquished

Notes
Turn   | Place    | Note
-------+----------+-------------------------------------------
     0 | D:1      | vurker the Palentonga Enchanter began the quest for the
                  | Orb.
     0 | D:1      | Reached XP level 1. HP: 14/14 MP: 3/3
   412 | D:1      | Reached skill level 1 in Fighting
   475 | D:1      | Reached XP level 2. HP: 24/24 MP: 5/5
   538 | D:1      | Reached skill level 1 in Armour
  1356 | D:1      | Reached XP level 3. HP: 29/31 MP: 6/6
  2339 | D:3      | Reached XP level 4. HP: 23/39 MP: 7/7
  2523 | D:3      | Found a bloodstained altar of Trog.
  2583 | D:3      | Found a runed translucent door.
  2584 | D:3      | Noticed Crazy Yiuf
  3134 | D:3      | Reached XP level 5. HP: 48/48 MP: 8/8
  3779 | D:3      | Killed Crazy Yiuf
  3905 | D:4      | Got a brightly glowing leather armour
  4021 | D:4      | Found a glowing golden altar of the Shining One.
  4028 | D:4      | Found a shadowy altar of Dithmenos.
  4029 | D:4      | Found a snail-covered altar of Cheibriados.
  4030 | D:4      | Found a radiant altar of Vehumet.
  4033 | D:4      | Found a shimmering blue altar of Sif Muna.
  4208 | D:4      | Reached XP level 6. HP: 55/55 MP: 9/9
  4356 | D:4      | Noticed Grinder
  4368 | D:4      | Found a glowing drain.
  4390 | D:4      | Killed Grinder
  4390 | D:4      | Reached skill level 5 in Fighting
  4403 | D:4      | Gained mutation: You curl defensively after being hit.
                  | [Palentonga growth]
  4403 | D:4      | Reached XP level 7. HP: 26/65 MP: 10/10
  4417 | Sewer    | Entered a sewer
  4781 | Sewer    | Found a white marble altar of Elyvilon.
  5195 | D:5      | Entered Level 5 of the Dungeon
  5195 | D:5      | Found Onwukhug's Weapon Shop.
  5318 | D:5      | Found a hazy altar of Hepliaklqana.
  5734 | D:5      | Noticed Ijyb
  5758 | D:5      | Killed Ijyb
  6366 | D:6      | Reached skill level 5 in Armour
  6690 | D:6      | Reached XP level 8. HP: 47/75 MP: 11/11
  7341 | D:6      | Noticed an unseen horror
  7363 | D:6      | Killed an unseen horror
  7477 | D:6      | Got an ichor-stained spear
  7478 | D:6      | Identified the +7 spear "Fatuof" {vorpal, rPois} (You found
                  | it on level 6 of the Dungeon)
  7482 | D:6      | Identified the Guide on Displacement
  7653 | D:6      | Identified a scroll of acquirement
  7653 | D:6      | Acquired 554 gold pieces
  7678 | D:7      | Identified the cursed +1 leather armour "Inoythill" {rC+
                  | rCorr Str-2 Int+5} (You found it on level 4 of the Dungeon)
  7780 | D:7      | Reached skill level 1 in Axes
  7810 | D:7      | Reached XP level 9. HP: 40/86 MP: 12/12
  7815 | D:7      | Reached skill level 2 in Axes
  8163 | D:7      | Reached skill level 3 in Axes
  8468 | D:6      | Reached skill level 11 in Axes
  8468 | D:6      | Reached XP level 10. HP: 96/96 MP: 13/13
  8887 | D:7      | Found a staircase to the Ecumenical Temple.
  9121 | Temple   | Entered the Ecumenical Temple
  9126 | Temple   | Became a worshipper of Ru the Awakened
 10083 | D:8      | Found a staircase to the Lair.
 10426 | D:8      | Reached skill level 12 in Axes
 10694 | D:8      | Gained mutation: You cannot study or use magical devices.
                  | [Ru sacrifice]
 10694 | D:8      | Reached * piety under Ru
 10694 | D:8      | Reached ** piety under Ru
 10982 | D:8      | Found a burning altar of Makhleb.
 10982 | D:8      | Found a shimmering altar of Xom.
 11357 | D:9      | Noticed Pikel
 11371 | D:9      | Killed Pikel
 11371 | D:9      | Reached skill level 1 in Shields
 11371 | D:9      | Reached XP level 11. HP: 102/103 MP: 14/14
 12026 | D:10     | Entered Level 10 of the Dungeon
 12187 | D:10     | Noticed an unseen horror
 12214 | D:10     | Killed an unseen horror
 12641 | D:10     | Noticed a two-headed ogre
 12644 | D:10     | Noticed Psyche
 12672 | D:10     | Killed a two-headed ogre
 12672 | D:10     | Paralysed by Psyche for 5 turns
 12688 | D:10     | Killed Psyche
 13224 | D:10     | Gained mutation: You are somewhat inexperienced. (-2 XL)
                  | [Ru sacrifice]
 13224 | D:10     | Reached XP level 10. HP: 97/97 MP: 13/13
 13224 | D:10     | Reached XP level 9. HP: 89/89 MP: 12/12
 13224 | D:10     | Reached *** piety under Ru
 13224 | D:10     | Reached **** piety under Ru
 13224 | D:10     | Reached ***** piety under Ru
 13228 | D:10     | Noticed Joseph
 13243 | D:10     | Killed Joseph
 13637 | D:11     | Found a roughly hewn altar of Beogh.
 13648 | D:11     | Reached skill level 13 in Axes
 13648 | D:11     | Reached XP level 10. HP: 44/97 MP: 13/13
 14180 | D:11     | Found Watrabb's Gadget Shop.
 14497 | D:11     | Noticed a wizard
 14497 | D:11     | Noticed an orc knight
 14497 | D:11     | Noticed a +5 long sword
 14497 | D:11     | Noticed an orc knight
 14499 | D:11     | Killed a wizard
 14499 | D:11     | Killed an orc knight
 14502 | D:11     | Killed an orc knight
 14504 | D:11     | Noticed Erica
 14508 | D:11     | Noticed a deep elf knight
 15049 | D:11     | Found a staircase to the Orcish Mines.
 15223 | D:11     | Reached skill level 10 in Fighting
 15309 | D:11     | Noticed a purple ugly thing
 15326 | D:11     | Killed a purple ugly thing
 15326 | D:11     | Reached XP level 11. HP: 100/105 MP: 14/14
 15343 | D:11     | Killed Erica
 15343 | D:11     | Killed a deep elf knight
 15914 | D:11     | Noticed Maurice
 15939 | D:11     | Killed Maurice
 15967 | D:11     | Noticed a centaur warrior
 15981 | D:11     | Killed a centaur warrior
 16061 | D:11     | Noticed a fire giant
 16074 | D:11     | Killed a fire giant
 16074 | D:11     | Reached skill level 14 in Axes
 16098 | D:11     | Gained mutation: You cannot train Dodging skill. [Ru
                  | sacrifice]
 16513 | D:11     | Noticed a seven-headed hydra
 16519 | D:11     | Reached skill level 5 in Shields
 16530 | D:11     | Killed a seven-headed hydra
 16795 | D:11     | Found the amulet of Vitality {Regen+ HP+15}
 17049 | Lair:1   | Entered Level 1 of the Lair of Beasts
 17060 | Lair:1   | Reached XP level 12. HP: 68/115 MP: 15/15
 17731 | Lair:1   | Noticed a seven-headed hydra
 17740 | Lair:1   | Killed a seven-headed hydra
 17740 | Lair:1   | Reached skill level 1 in Maces & Flails
 18488 | Lair:2   | You fall into a shaft and drop 2 floors!
 18500 | Lair:3   | Noticed a five-headed hydra
 18507 | Lair:3   | Killed a five-headed hydra
 18732 | Lair:2   | Found a hole to the Spider Nest.
 19042 | Lair:3   | Noticed a boulder beetle
 19073 | Lair:3   | Killed a boulder beetle
 19219 | Lair:3   | Noticed a four-headed hydra
 19226 | Lair:3   | Killed a four-headed hydra
 19913 | Lair:4   | Reached XP level 13. HP: 124/124 MP: 16/16
 19918 | Lair:4   | Reached skill level 5 in Maces & Flails
 20020 | Lair:4   | Found a staircase to the Swamp.
 20646 | Lair:5   | Reached skill level 10 in Armour
 21104 | Lair:5   | Got a scorched amber ring
 21108 | Lair:5   | Identified the ring of Lefodiq {rC- EV+4 Str+5} (You found
                  | it on level 5 of the Lair of Beasts)
 21217 | Lair:5   | Found a staircase to the Slime Pits.
 21664 | Lair:6   | Entered Level 6 of the Lair of Beasts
 21869 | Lair:6   | Noticed a fire dragon
 21891 | Lair:6   | Killed a fire dragon
 22320 | Lair:6   | Found a runed translucent door.
 22320 | Lair:6   | Found a shimmering altar of Xom.
 22320 | Lair:6   | Noticed Blackmass's ghost (journeyman OpAE)
 22802 | Orc:1    | Entered Level 1 of the Orcish Mines
 22810 | Orc:1    | Reached XP level 14. HP: 135/135 MP: 17/17
 23133 | Orc:2    | Entered Level 2 of the Orcish Mines
 23133 | Orc:2    | Found a staircase to the Elven Halls.
 23370 | Orc:2    | Noticed Josephine
 23375 | Orc:2    | Killed Josephine
 23602 | Orc:2    | Noticed Nergalle
 23606 | Orc:2    | Noticed an orc warlord
 23617 | Orc:2    | Killed Nergalle
 23695 | Orc:2    | Killed an orc warlord
 23817 | Orc:2    | Noticed Blork the orc
 23819 | Orc:2    | Killed Blork the orc
 24182 | Orc:2    | Found a roughly hewn altar of Beogh.
 24187 | Orc:2    | Found Isyg Gotz's Antique Weapon Shoppe.
 24204 | Orc:2    | Found Xantustenwo's Antique Armour Shoppe.
 24263 | Orc:2    | Found Etoiwip's Jewellery Shoppe.
 24266 | Orc:2    | Found Duejaic's General Store.
 24824 | Orc:2    | Found a roughly hewn altar of Beogh.
 24888 | Orc:2    | Bought a broad axe for 148 gold pieces
 24909 | Orc:2    | Bought a masterwork cloak for 256 gold pieces
 24909 | Orc:2    | Bought a pair of glowing gloves for 202 gold pieces
 24919 | Orc:2    | Identified the +0 cloak of the Lumpy Souls {rPois SInv}
                  | (You bought it in a shop on level 2 of the Orcish Mines)
 25746 | D:13     | Noticed Urug
 25762 | D:13     | Killed Urug
 26092 | D:13     | Got a coiled platinum amulet
 26109 | D:13     | Identified the amulet of Oenomania {rF+ rC+ Regen+} (You
                  | found it on level 13 of the Dungeon)
 26624 | D:14     | Found Hioniwo's Magic Scroll Shoppe.
 26647 | D:14     | Bought a scroll of fear for 66 gold pieces
 26647 | D:14     | Bought a scroll of teleportation for 57 gold pieces
 26647 | D:14     | Bought a scroll of fog for 38 gold pieces
 26647 | D:14     | Bought a scroll of fear for 66 gold pieces
 26647 | D:14     | Bought a scroll of teleportation for 57 gold pieces
 26647 | D:14     | Bought a scroll of fear for 66 gold pieces
 27020 | D:14     | Found the +8 glaive of the Guard {elec, +Rage AC+5 SInv}
 27397 | D:14     | Found a gate to the Vaults.
 27538 | D:15     | Entered Level 15 of the Dungeon
 27573 | D:15     | Reached XP level 15. HP: 123/144 MP: 10/18
 27764 | D:15     | Noticed loralnil's ghost (journeyman GnTm)
 27792 | D:15     | Identified the cursed +0 falchion of the Smoking Spider
                  | {protect, *Corrode rPois rC++ Int+2}
 27792 | D:15     | Noticed a tengu reaver
 27800 | D:15     | Found a runed translucent gate.
 27800 | D:15     | Found a runed translucent gate.
 27802 | D:15     | Found a runed translucent gate.
 27902 | D:15     | Found a white marble altar of Elyvilon.
 27912 | D:15     | Reached skill level 15 in Axes
 28245 | D:15     | Found a staircase to the Depths.
 28759 | Swamp:1  | Entered Level 1 of the Swamp
 28866 | Swamp:1  | Killed from afar by an eleionoma

Illustrated notes

Levels and vault maps discovered:
D:1:      roderic_dead_forest, layout_basic
D:2:      layout_rooms, minmay_increasing_density
D:3:      layout_rooms, marbit_many_paths, uniq_crazy_yiuf_cottage
D:4:      layout_basic, minitemple, cheibrodos_sewer_entry_bend,
          serial_bayou_pond_d, uniq_grinder
D:5:      layout_cave_pools, kennysheep_mini_moat, serial_shops,
          nicolae_shop_crystal, mrwooster_statue_mirror,
          minmay_fractal_squares_gapless_5, uniq_ijyb
D:6:      layout_rooms, hangedman_abyss_or_decor_jellyfish_corner,
          supply_closet_lemuel, kennysheep_another_room
D:7:      layout_basic, lemuel_temple_firewalk_b
D:8:      layout_rooms, grunt_temple_overflow_champion_of_chaos,
          erik_lair_orcish_takeover, hangedman_decor_lopped
D:9:      layout_irregular_city, serial_column_ruins,
          column_ruins_columns_corner, column_ruins_open_tiny,
          column_ruins_grid_3, column_ruins_corridor_straight,
          column_ruins_open_medium_water, column_ruins_open_medium,
          column_ruins_open_large, uniq_pikel
D:10:     layout_rooms, uniq_psyche, uniq_joseph
D:11:     minmay_the_grid_3x3 [minmay_the_grid_minigrid_small,
          minmay_the_grid_empty, minmay_the_grid_plusring,
          minmay_the_grid_minigrid_small_alt, minmay_the_grid_square_x,
          minmay_the_grid_eight, minmay_the_grid_doors, minmay_the_grid_tree,
          minmay_the_grid_prize_shrinking_boxes], layout_loops_corners,
          special_room [special_room_orc], serial_shops,
          nicolae_shop_waterfront, sword_in_stone, uniq_maurice
D:12:     layout_loops_ring, dk_noncrumbling_4, chequers_serial_rivers_small_b
D:13:     layout_long_grid, minmay_misc_feat_diagonals, uniq_urug
D:14:     layout_irregular_city, hangedman_vaults_entry_quadrant_bands,
          serial_shops, shop
D:15:     gammafunk_enter_depths_forms, layout_irregular_city,
          gammafunk_ghost_split, elyvilon_altar_4
Temple:   cyrus_circular_temple
Lair:1:   layout_gridlike
Lair:2:   layout_hall_layers, spider_nest_entry_web_field
Lair:3:   layout_long_grid
Lair:4:   layout_roguey, skrybe_swamp_entry_bodies
Lair:5:   beast_lair_carwin_large_2, layout_hall_layers, slime_dummy,
          roderic_carrion_pond
Lair:6:   guppyfry_lair_end_dragon, layout_gridlike, ebering_ghost_xom,
          serial_forest, infiniplex_forest_lined_corner,
          infiniplex_forest_straight_3, infiniplex_forest_straight_5,
          infiniplex_forest_lined_3, infiniplex_forest_straight_2,
          infiniplex_forest_clump_diagonal, lemuel_old_faithful
Swamp:1:  layout_falls_marsh, nicolae_swamp_round_clearing
Orc:1:    layout_diamond_mine, enter_volcano_1
Orc:2:    grunt_orc_cross, layout_diamond_mine, minmay_orc_temple_b,
          uniq_josephine

Skill      XL: |  1  2  3  4  5  6  7  8  9 10 11 12 13 14 15 |
---------------+----------------------------------------------+-----
Fighting       | 1 2 3 4 5 6 8 10 11 12 13 | 13.6
Armour         | 1 2 3 4 5 6 8 9 10 11 | 11.5
Axes           | 1 13 12 14 15 | 15.4
Shields        | 3 5 6 7 8 9 |  9.1
Dodging        | 0 |  0.0
Maces & Flails | 4 8 9 |  9.5
Short Blades   | |  1.0
Stealth        | |  2.0
Spellcasting   | |  2.0
Hexes          | |  3.0

Action                   |  1- 3 |  4- 6 |  7- 9 | 10-12 | 13-15 || total
-------------------------+-------+-------+-------+-------+-------++-------
Melee: Dagger            |   167 |   188 |   302 |       |       ||   657
       Tailslap          |    14 |    15 |    45 |   198 |   191 ||   463
       Hand axe          |       |       |    95 |   116 |   189 ||   400
       Flail             |       |       |    59 |  1242 |   597 ||  1898
       Unarmed           |       |       |       |     2 |       ||     2
       Broad axe         |       |       |       |       |   490 ||   490
Invok: Sacrifice Experie |       |       |     1 |       |       ||     1
       Apocalypse        |       |       |       |     4 |     6 ||    10
       Sacrifice Artific |       |       |       |     1 |       ||     1
       Sacrifice Nimblen |       |       |       |     1 |       ||     1
       Reject Sacrifices |       |       |       |     1 |     1 ||     2
       Draw Out Power    |       |       |       |       |     1 ||     1
  Use: Scroll            |       |       |    21 |     9 |     7 ||    37
       Potion            |       |       |     3 |     1 |       ||     4
 Stab: Invisible         |       |       |     2 |    18 |     9 ||    29
       Paralysed         |       |       |     1 |    11 |    12 ||    24
       Distracted        |       |       |       |     7 |     8 ||    15
       Confused          |       |       |       |       |     3 ||     3
Armor: Chain mail        |    91 |   115 |   392 |   753 |   304 ||  1655
       Robe              |     2 |       |       |       |       ||     2
       Plate armour      |       |       |       |       |   158 ||   158
       Crystal plate arm |       |       |       |       |   163 ||   163
Dodge: Dodged            |    22 |    38 |   123 |   316 |    57 ||   556
Block: Tower shield      |       |       |    63 |   759 |   794 ||  1616

Table legend: (Time is in decaauts)
 A = Elapsed time spent in this place.
 B = Non-inter-level travel time spent in this place.
 C = Inter-level travel time spent in this place.
 D = Time resting spent in this place.
 E = Time spent auto-exploring this place.
 F = Levels seen in this place.
 G = Mean time per level.
                   A        B        C        D        E       F      G
               +--------+--------+--------+--------+--------+-----+--------+
         Total |  29244 |  27793 |   1451 |   1483 |  20422 |  26 | 1124.8 |
       Dungeon |  20755 |  19771 |    984 |   1239 |  14614 |  15 | 1383.7 |
        Temple |     10 |      6 |      4 |      0 |      1 |   1 |   10.0 |
          Lair |   5726 |   5412 |    314 |    101 |   4046 |   6 |  954.3 |
         Swamp |    110 |    110 |      0 |      0 |     52 |   1 |  110.0 |
  Orcish Mines |   2215 |   2068 |    147 |    143 |   1354 |   2 | 1107.5 |
         Sewer |    425 |    425 |      0 |      0 |    354 |   1 |  425.0 |
               +--------+--------+--------+--------+--------+-----+--------+

Top non-repeatable levels by time:
    D:11: 3578 daAuts
     D:7: 1863 daAuts
   Orc:2: 1543 daAuts
     D:3: 1539 daAuts
    D:10: 1469 daAuts
     D:5: 1379 daAuts
     D:8: 1360 daAuts
     D:6: 1318 daAuts
     D:1: 1280 daAuts
     D:9: 1239 daAuts
  Lair:1: 1124 daAuts
     D:2: 1057 daAuts
    D:14: 1046 daAuts
  Lair:5: 1018 daAuts
    D:15: 1013 daAuts
